 Dungeon Crawl Stone Soup version 0.27-a0-1136-g0b992a5a9d (webtiles) character file.

Game seed: 16247857779036770794

4987 jasper the Epochal (level 10, 0/92 HPs)
             Began as a Demonspawn Transmuter on May 4, 2021.
             Was an Elder of Cheibriados.
             Splashed by an acid dragon's acid (7 damage)
             ... on level 9 of the Dungeon.
             The game lasted 00:17:15 (10661 turns).

jasper the Epochal (Demonspawn Transmuter)         Turns: 10661, Time: 00:17:16

Health: 0/92       AC: 11    Str: 20    XL:     10   Next: 29%
Magic:  17/17      EV: 10    Int: 33    God:    Cheibriados [****..]
Gold:   395        SH:  4    Dex: 22    Spells: 0/13 levels left

rFire    x . .     SeeInvis .     - Unarmed
rCold    + + +     Faith    .   (shield currently unavailable)
rNeg     . . .     Spirit   .   (armour currently unavailable)
rPois    +         Reflect  .   (helmet currently unavailable)
rElec    .         Harm     .   (cloak currently unavailable)
rCorr    .         Rampage  .   (gloves currently unavailable)
Will     .....                  (boots currently unavailable)
Stlth    ++........             g - amulet of magic regeneration
HPRegen  0.25/turn              m - +6 ring of intelligence
MPRegen  0.40/turn              (no ring)

@: ice-form, very slow
A: freezing attack, amphibious, boosted hp, large, (talons 2), (slimy green
scales 2), foul stench 1, icemail 1, condensation shield
a: End Transformation, Renounce Religion, Bend Time, Temporal Distortion, Slouch


You were on level 9 of the Dungeon.
You worshipped Cheibriados.
Cheibriados was greatly pleased with you.
You were a creature of crystalline ice.
You visited 1 branch of the dungeon, and saw 9 of its levels.

You collected 395 gold pieces.

Inventory:

Missiles
 h - 46 poisoned darts
 i - 380 stones
 w - 8 curare-tipped darts
 B - 4 throwing nets
Armour
 a - a +0 robe (melded)
 b - a +1 pair of gloves (melded)
 j - a +0 kite shield
 A - a +0 cloak (melded)
Jewellery
 f - an amulet of the acrobat
 g - an amulet of magic regeneration (around neck)
 m - a +6 ring of intelligence (left front paw)
 y - an amulet of regeneration
Wands
 q - a wand of flame (15)
 v - a wand of iceblast (3)
Scrolls
 e - a scroll of vulnerability
 l - 3 scrolls of enchant weapon
 p - a scroll of amnesia
 u - a scroll of magic mapping
Potions
 c - a potion of haste
 k - a potion of flight
 o - 2 potions of lignification
 r - a potion of might
 t - a potion of ambrosia
 C - a potion of cancellation


   Skills:
 + Level 6.6 Fighting
 - Level 1.7 Dodging
 + Level 6.6 Unarmed Combat
 - Level 2.0 Spellcasting
 + Level 6.3 Transmutations
 * Level 5.8 Ice Magic
 * Level 9.8 Invocations


You couldn't memorise any spells.
You knew the following spells:

 Your Spells              Type           Power      Damage    Failure   Level
a - Beastly Appendage     Tmut           88%        N/A       1%          1
b - Spider Form           Tmut/Pois      12%        N/A       5%          3
c - Wereblood             Tmut           44%        N/A       1%          2
d - Ozocubu's Armour      Ice            42%        N/A       1%          3
e - Ice Form              Ice/Tmut       43%        N/A       5%          4

Your spell library contained the following spells:

 Spells                   Type           Power      Damage    Failure   Level
 Freeze                   Ice            100%       1d11      1%          1
 Frozen Ramparts          Ice            84%        1d10      1%          3
 Animate Skeleton         Necr           6%         N/A       6%          1
 Apportation              Tloc           6%         N/A       6%          1
 Corona                   Hex            3%         N/A       6%          1
 Summon Small Mammal      Summ           12%        N/A       6%          1
 Hydra Form               Tmut           22%        N/A       14%         5
 Hailstorm                Conj/Ice       22%        3d7       19%         4
 Metabolic Englaciation   Hex/Ice        11%        N/A       47%         5


Dungeon Overview and Level Annotations

Branches:
Dungeon (9/15)             Temple (0/1) D:5            Lair (0/6) D:9
    Orc: D:9-12

Altars:
Ashenzari
Cheibriados
Kikubaaqudgha
Trog
Uskayaw
Xom

Annotations:
D:3 Grinder
D:9 2 transporters, Zonian's ghost, novice GnAM


Innate Abilities, Weirdness & Mutations

You are a creature of crystalline ice.
You have a powerful freezing melee attack.
You are amphibious.
Your maximum health is increased.
Your armour is entirely melded.
You are incapable of wielding weapons or throwing items.
((You have razor-sharp toenails.))
((You are mostly covered in slimy green scales. (AC +3)))
You may rarely emit foul miasma when damaged in melee.
A meltable icy envelope protects you from harm. (AC +4)
A meltable shield of frost defends you. (SH +4)


Message History

You start resting.
Magic restored.
MP restored: 17 Your icy armour cracks and falls away as you move.
An acid dragon comes into view.
Your icy envelope is restored.
Items here: ! $ )) / [ †.
Okay, then.
Items here: ! $ )) / [ †.
The acid dragon roars!
The acid dragon spits acid at you. The splash of acid hits you!
* * * LOW HITPOINT WARNING * * *
You are splashed with acid!
* * * LOW HITPOINT WARNING * * *
You take 19 damage, and have 14/92 hp.
MASSIVE DAMAGE!!
You see here a +0 whip.
You barely miss the acid dragon. You block the acid dragon's attack.
The acid dragon claws you.
* * * LOW HITPOINT WARNING * * *
Okay, then.
Unknown command.
Press: ? - help, v - describe, . - travel
Here: an acid dragon A staircase to the Lair.
Okay, then.
You feel better. The acid dragon closely misses you. The acid dragon claws you.
* * * LOW HITPOINT WARNING * * *
You regained 9 hp, and now have 23/92 hp.
You hit the acid dragon. You freeze the acid dragon.
The acid dragon is moderately wounded.
The acid dragon closely misses you.
The acid dragon claws you but does no damage.
You hit the acid dragon. You freeze the acid dragon.
The acid dragon is heavily wounded.
The acid dragon spits acid at you. The splash of acid hits you!
* * * LOW HITPOINT WARNING * * *
You are splashed with acid!
You die...

.## ## #.# ....
.. #.# ....##.
#.# .....#. #.#
≈≈≈.... #.#
≈≈≈≈...####.##
♣≈≈..))).)..#
≈≈≈≈..#####.[####
≈≈≈.. #...)Y..#.#
# ....
###.D##.#.#.# .o@
#..##.#.#.## ..
#....)...... .
##......##
####...#####
##...........
#.....#######
##...##KO....


You could see an acid dragon (catching breath).

Vanquished Creatures
  2 two-headed ogres (D:8)
  Maurice (D:9)
  A hornet (D:8)
  Eustachio (D:6)
  A yak (D:8)
  A steam dragon (D:9)
  Menkaure (D:6)
  Edmund (D:6)
  3 water moccasins
  3 orc warriors
  2 sky beasts
  An ice beast (D:8)
  4 centaurs
  2 ogres
  A phantom (D:4)
  Blork the orc (D:6)
  A scorpion (D:6)
  A kobold brigand (D:7)
  2 bullfrogs
  A wyvern skeleton (D:7)
  A water moccasin skeleton (D:5)
  A howler monkey (D:8)
  A gnoll shaman (D:6)
  2 orc priests
  2 jellies
  2 centaur skeletons
  2 iguanas
  2 orc wizards
  Natasha (thrice) (D:3)
  A killer bee zombie (D:5)
  A howler monkey zombie (D:7)
  8 adders
  5 gnolls (D:6)
  2 ufetubi (D:5)
  2 worms
  2 dart slugs (D:2)
  17 orcs
  3 endoplasms
  2 giant cockroaches (D:2)
  10 goblins
  6 hobgoblins
  3 jackals
  12 kobolds
  8 quokkas
  6 ball pythons
  6 bats
  2 frilled lizards (D:1)
  3 rats (D:3)
146 creatures vanquished.

Notes
Turn   | Place    | Note
-------+----------+-------------------------------------------
     0 | D:1      | jasper the Demonspawn Transmuter began the quest for the
                  | Orb.
     0 | D:1      | Reached XP level 1. HP: 15/15 MP: 3/3
   610 | D:1      | Gained mutation: You are partially covered in slimy green
                  | scales. (AC +2) [demonic ancestry]
   610 | D:1      | Reached XP level 2. HP: 21/21 MP: 3/5
  1459 | D:1      | Found a faded altar of an unknown god.
  1726 | D:2      | Reached XP level 3. HP: 21/27 MP: 4/6
  1730 | D:2      | Learned a level 3 spell: Spider Form
  1733 | D:2      | Learned a level 2 spell: Wereblood
  2034 | D:2      | Found a snail-covered altar of Cheibriados.
  2041 | D:2      | Became a worshipper of Cheibriados the Contemplative
  3180 | D:3      | Reached skill level 1 in Invocations
  3180 | D:3      | Gained mutation: A meltable shield of frost defends you.
                  | (SH +4) [demonic ancestry]
  3180 | D:3      | Reached XP level 4. HP: 27/33 MP: 3/7
  3264 | D:3      | Noticed Natasha
  3280 | D:3      | Killed Natasha
  3283 | D:3      | Reached * piety under Cheibriados
  3413 | D:3      | Noticed Natasha
  3424 | D:3      | Killed Natasha
  3425 | D:3      | Reached skill level 2 in Invocations
  3496 | D:3      | Noticed Natasha
  3603 | D:3      | Killed Natasha
  3604 | D:3      | Gained mutation: You have sharp toenails. [demonic
                  | ancestry]
  3604 | D:3      | Reached XP level 5. HP: 39/39 MP: 4/8
  3882 | D:3      | Noticed Grinder
  4028 | D:4      | Noticed a phantom
  4041 | D:4      | Killed a phantom
  4042 | D:4      | Gained mutation: You have razor-sharp toenails. [demonic
                  | ancestry]
  4042 | D:4      | Reached XP level 6. HP: 21/47 MP: 9/9
  4300 | D:4      | Reached skill level 3 in Invocations
  4497 | D:4      | Reached ** piety under Cheibriados
  4623 | D:5      | Entered Level 5 of the Dungeon
  4625 | D:5      | Found a broken altar of Ashenzari.
  4638 | D:5      | Noticed a water moccasin
  4657 | D:5      | Killed a water moccasin
  4850 | D:5      | Learned a level 3 spell: Ozocubu's Armour
  5045 | D:5      | Found a shimmering altar of Xom.
  5080 | D:5      | Found a staircase to the Ecumenical Temple.
  5096 | D:5      | Gained mutation: You are mostly covered in slimy green
                  | scales. (AC +3) [demonic ancestry]
  5096 | D:5      | Reached XP level 7. HP: 51/53 MP: 7/10
  5105 | D:5      | Reached skill level 4 in Invocations
  5327 | D:5      | Found an ancient bone altar of Kikubaaqudgha.
  6451 | D:6      | Noticed Menkaure
  6454 | D:6      | Killed Menkaure
  6455 | D:6      | Reached skill level 1 in Ice Magic
  6455 | D:6      | Reached skill level 5 in Invocations
  6656 | D:6      | Noticed Blork the orc
  6666 | D:6      | Killed Blork the orc
  6667 | D:6      | Reached skill level 5 in Unarmed Combat
  6667 | D:6      | Gained mutation: You may rarely emit foul miasma when
                  | damaged in melee. [demonic ancestry]
  6667 | D:6      | Reached XP level 8. HP: 61/61 MP: 11/11
  6669 | D:6      | Found a hide-covered altar of Uskayaw.
  6749 | D:6      | Noticed Edmund
  6753 | D:6      | Reached *** piety under Cheibriados
  6759 | D:6      | Killed Edmund
  6980 | D:6      | Noticed Eustachio
  7001 | D:6      | Killed Eustachio
  7002 | D:6      | Reached skill level 5 in Fighting
  7183 | D:6      | Reached skill level 6 in Invocations
  7429 | D:7      | Reached skill level 5 in Transmutations
  8083 | D:7      | Reached skill level 7 in Invocations
  8220 | D:7      | Gained mutation: A meltable icy envelope protects you from
                  | harm. (AC +4) [demonic ancestry]
  8220 | D:7      | Reached XP level 9. HP: 59/68 MP: 14/14
  8630 | D:8      | Found a bloodstained altar of Trog.
  9250 | D:8      | Noticed a two-headed ogre
  9252 | D:8      | Noticed a two-headed ogre
  9313 | D:8      | Killed a two-headed ogre
  9313 | D:8      | Reached **** piety under Cheibriados
  9314 | D:8      | Reached skill level 8 in Invocations
  9541 | D:8      | Reached skill level 5 in Ice Magic
  9707 | D:8      | Killed a two-headed ogre
  9708 | D:8      | Reached skill level 9 in Invocations
  9708 | D:8      | Reached XP level 10. HP: 18/77 MP: 14/16
  9713 | D:8      | Learned a level 4 spell: Ice Form
 10332 | D:8      | Identified the +9 flail of Disorder {vorpal, Str+4 Dex+3
                  | SInv}
 10584 | D:9      | Found a transporter.
 10584 | D:9      | Found a transporter.
 10584 | D:9      | Noticed a two-headed ogre
 10584 | D:9      | Noticed Zonian's ghost (novice GnAM)
 10591 | D:9      | Found a staircase to the Lair.
 10606 | D:9      | Noticed Maurice
 10643 | D:9      | Killed Maurice
 10661 | D:9      | Splashed by an acid dragon's acid

Illustrated notes

Levels and vault maps discovered:
D:1:      dpeg_arrival_shrine, layout_basic,
          shapermc_ecumenical_altar_mp_vishouse, minmay_statues_item, hex_tiny
D:2:      minmay_inner_zag, layout_basic, basic_altar
D:3:      layout_rooms, uniq_grinder, uniq_natasha
D:4:      layout_rooms
D:5:      layout_basic, nicolae_kikubaaqudgha_miasma_corner,
          cheibrodos_ashenzari_chains, kennysheep_mini,
          minmay_temple_entry_wispy
D:6:      layout_basic, general_overflow_altar, uniq_eustachio, uniq_edmund,
          uniq_menkaure, uniq_blork_the_orc
D:7:      layout_loops_ring, chequers_serial_rivers_room_b
D:8:      layout_cave_pools, trog_hazing_becter, kennysheep_generic_room_5
D:9:      layout_loops_ring, elyvilon_altar_3, chei_slow_surprise,
          lair_entry_dummy, zombieorc2_lemuel, gammafunk_ghost_arena,
          minivault_7, uniq_maurice

Skill      XL: |  1  2  3  4  5  6  7  8  9 |
---------------+----------------------------+-----
Transmutations | 2 3 4 5 6 |  6.3
Unarmed Combat | 3 4 5 6 |  6.6
Fighting       | 2 3 4 5 6 |  6.6
Invocations    | 1 2 3 5 7 9 |  9.8
Ice Magic      | 1 3 5 |  5.8
Dodging        | |  1.7
Spellcasting   | |  2.0

Action                   |  1- 3 |  4- 6 |  7- 9 | 10-12 || total
-------------------------+-------+-------+-------+-------++-------
Melee: Unarmed           |   150 |   121 |   183 |    28 ||   482
       Kick              |    21 |    13 |    34 |     3 ||    71
       Headbutt          |    12 |     6 |    13 |       ||    31
       Punch             |       |     1 |     2 |     1 ||     4
 Cast: Beastly Appendage |    29 |    11 |    16 |       ||    56
       Spider Form       |     1 |    10 |    16 |     1 ||    28
       Wereblood         |       |     4 |     4 |       ||     8
       Ozocubu's Armour  |       |       |     5 |     4 ||     9
       Ice Form          |       |       |       |     4 ||     4
Evoke: Wand              |       |       |    25 |     6 ||    31
  Use: Potion            |     2 |     1 |     2 |     1 ||     6
       Scroll            |     4 |     1 |    11 |     3 ||    19
 Stab: Sleeping          |     1 |     3 |     1 |       ||     5
Armor: Robe              |    29 |    22 |    43 |     1 ||    95
       Skin              |     1 |     5 |     4 |     3 ||    13
Dodge: Dodged            |   111 |    91 |   154 |     9 ||   365
Block: Other             |       |    26 |    49 |     4 ||    79

Table legend: (Time is in decaauts)
 A = Elapsed time spent in this place.
 B = Non-inter-level travel time spent in this place.
 C = Inter-level travel time spent in this place.
 D = Time resting spent in this place.
 E = Time spent auto-exploring this place.
 F = Levels seen in this place.
 G = Mean time per level.
                   A        B        C        D        E       F      G
               +--------+--------+--------+--------+--------+-----+--------+
         Total |  12730 |  12385 |    345 |   1330 |   9481 |   9 | 1414.4 |
       Dungeon |  12730 |  12385 |    345 |   1330 |   9481 |   9 | 1414.4 |
               +--------+--------+--------+--------+--------+-----+--------+

Top non-repeatable levels by time:
     D:7: 2132 daAuts
     D:8: 1922 daAuts
     D:2: 1878 daAuts
     D:5: 1768 daAuts
     D:6: 1720 daAuts
     D:1: 1559 daAuts
     D:4: 889 daAuts
     D:3: 755 daAuts
     D:9: 102 daAuts
